 Dungeon Crawl Stone Soup version 0.25.1-8-g42b30a86e7 (webtiles) character file.

Game seed: 6110633420273268336

744 pokeman the Magician (level 7, -2/38 HPs)
             Began as a Deep Elf Wizard on Dec 6, 2020.
             Slain by a sky beast (6 damage)
             ... on level 5 of the Dungeon.
             The game lasted 00:13:18 (5750 turns).

pokeman the Magician (Deep Elf Wizard)              Turns: 5750, Time: 00:13:18

Health: -2/38      AC:  4    Str:  7    XL:     7   Next: 47%
Magic:  15/20      EV: 12    Int: 25    God:
Gold:   180        SH:  0    Dex: 10    Spells: 10/21 levels left

rFire    . . .     SeeInvis .   z - +1 hand axe (elec)
rCold    + + .     Gourm    .   (no shield)
rNeg     . . .     Faith    +   B - +0 leather armour
rPois    .         Spirit   .   b - +0 hat
rElec    .         Reflect  .   A - +0 cloak
rCorr    .         Harm     .   (no gloves)
MR       .....                  (no boots)
Stlth    ++........             c - amulet of faith
HPRegen  0.12/turn              l - ring of Qobreel {+Fly rC++ Str+3 Dex-3}
MPRegen  0.17/turn              (no ring)

@: very slightly contaminated
A: no striking features
a: Evoke Flight


You were on level 5 of the Dungeon.
You were not hungry.

You visited 1 branch of the dungeon, and saw 5 of its levels.

You collected 180 gold pieces.

Inventory:

Hand Weapons
 k - a +2 vampiric spear
 z - a +1 hand axe of electrocution (weapon)
Missiles
 j - 42 bolts
Armour
 b - a +0 hat (worn)
 A - a +0 cloak (worn)
 B - a +0 leather armour (worn)
Jewellery
 c - an amulet of faith (around neck)
 l - the ring of Qobreel (left hand) {+Fly rC++ Str+3 Dex-3}
   (You found it on level 4 of the Dungeon)

   [ring of flight]

   It affects your strength (+3).
   It affects your dexterity (-3).
   It greatly protects you from cold.
   It lets you fly.
Wands
 p - a wand of iceblast (1)
 w - a wand of random effects (17)
 y - a wand of enslavement (13)
Scrolls
 a - a scroll of enchant weapon {unknown}
 e - 6 scrolls of remove curse {unknown}
 f - 2 scrolls of amnesia {unknown}
 h - a scroll of teleportation {unknown}
 i - 4 scrolls of random uselessness {unknown}
 r - a scroll of fear {unknown}
 t - a scroll of immolation {unknown}
 u - 5 scrolls of identify {unknown}
 v - a scroll of enchant armour {unknown}
 x - a scroll of fog {unknown}
Potions
 g - a potion of brilliance {unknown}
 m - a potion of haste {unknown}
 n - a potion of heal wounds {unknown}
 o - 2 potions of might {unknown}
 q - 2 potions of curing {unknown}
 s - a potion of stabbing {unknown}
Comestibles
 d - 6 rations
 C - 2 chunks of flesh


   Skills:
 + Level 1.4 Fighting
 - Level 1.0 Armour
 - Level 3.0 Dodging
 - Level 3.2 Stealth
 * Level 7.5 Spellcasting
 + Level 3.5 Conjurations
 - Level 1.1 Summonings
 - Level 1.1 Translocations
 + Level 4.3 Fire Magic
 - Level 1.2 Air Magic
 - Level 1.2 Poison Magic
 - Level 1.0 Evocations


You had 10 spell levels left.
You knew the following spells:

 Your Spells              Type           Power        Failure   Level  Hunger
a - Magic Dart            Conj           ####         2%          1    None
b - Mephitic Cloud        Conj/Pois/Air  ###.....     12%         3    None
c - Call Imp              Summ           ##......     9%          2    None
d - Blink                 Tloc           N/A          9%          2    None
e - Conjure Flame         Conj/Fire      ####....     5%          3    None

Your spell library contained the following spells:

 Spells                   Type           Power        Failure   Level  Hunger
 Searing Ray              Conj           ####..       3%          2    None
 Slow                     Hex            #.......     14%         2    None
 Dazzling Flash           Conj/Hex       ###...       14%         3    None
 Iskenderun's Mystic Bla  Conj/Tloc      ###.....     34%         4    ###....
 Fulminant Prism          Conj/Hex       ###.......   41%         4    ###....


Dungeon Overview and Level Annotations

Branches:
Dungeon (5/15)
 Temple: D:4-7

Altars:
Ashenzari
Xom
Yredelemnul
Zin

Annotations:
D:5 Pikel


Message History

The worker ant is engulfed in noxious fumes.
The worker ant appears confused.
The worker ant misses you.
The slave is engulfed in noxious fumes.
The slave appears confused.
The slave barely misses the worker ant.
The slave is engulfed in noxious fumes.
Unknown command.
The worker ant is engulfed in noxious fumes.
The worker ant appears confused.
Unknown command.
The worker ant is engulfed in noxious fumes.
The worker ant appears confused.
The worker ant bites the sky beast but does no damage.
You feel less confused.
The sky beast flickers out of sight!
Deactivating autopickup; reactivate with Ctrl-A.
Something completely misses you.
The slave seems less confused.
Something hits you.
* * * LOW HITPOINT WARNING * * *
Something shocks you.
You die...

..###....## .
.........#
.......p.# .
......pp## .#
##.....s### ##...
###..p.K.####...#
#...#.......#
##.a......###
#...###@.# ##
#...# ##.# ..
#.## #.# #. ...
#.## .# ### ###
#..# ##.# ....
#..# ##.# #..#
##.###..######.#
#..........##..##
######..........#


You could see Pikel, 3 slaves, a scorpion and a worker ant (confused).

Vanquished Creatures
  Grinder (D:4)
  Duvessa (D:4)
  A slave (D:5)
  Dowan (D:4)
  A crimson imp (D:5)
  2 bullfrog skeletons
  Crazy Yiuf (D:5)
  2 orc priests
  An orc wizard (D:3)
  A hound skeleton (D:4)
  4 gnolls (D:4)
  3 adders
  A shadow imp (D:5)
  3 oozes
  2 adder skeletons (D:4)
  5 worms
  3 leopard geckos
  9 orcs
  6 bats
  7 giant cockroaches
  4 goblins
  8 hobgoblins
  9 kobolds
  2 quokkas
  4 ball pythons (D:1)
  2 frilled lizards
  8 rats
92 creatures vanquished.

Vanquished Creatures (collateral kills)
  A scorpion (D:4)
1 creature vanquished.

Grand Total: 93 creatures vanquished

Notes
Turn   | Place    | Note
-------+----------+-------------------------------------------
     0 | D:1      | pokeman the Deep Elf Wizard began the quest for the Orb.
     0 | D:1      | Reached XP level 1. HP: 10/10 MP: 7/7
   262 | D:1      | Reached XP level 2. HP: 16/16 MP: 6/9
   660 | D:1      | Reached skill level 5 in Spellcasting
  1017 | D:1      | Reached XP level 3. HP: 20/20 MP: 8/11
  1022 | D:1      | Learned a level 3 spell: Mephitic Cloud
  1025 | D:1      | Learned a level 2 spell: Call Imp
  1028 | D:1      | Learned a level 2 spell: Blink
  1032 | D:1      | Learned a level 3 spell: Conjure Flame
  1524 | D:2      | Reached skill level 1 in Fighting
  1746 | D:2      | Reached skill level 1 in Armour
  2307 | D:3      | Reached XP level 4. HP: 25/25 MP: 10/13
  2525 | D:3      | Found a shimmering altar of Xom.
  2526 | D:3      | Found a basalt altar of Yredelemnul.
  2526 | D:3      | Found a shattered altar of Ashenzari.
  2531 | D:3      | Found a glowing silver altar of Zin.
  2711 | D:3      | Reached skill level 6 in Spellcasting
  2711 | D:3      | Reached skill level 1 in Poison Magic
  2711 | D:3      | Reached XP level 5. HP: 23/29 MP: 0/15
  2891 | D:3      | Found a faded altar of an unknown god.
  3124 | D:4      | Noticed Grinder
  3190 | D:4      | Paralysed by Grinder for 3 turns
  3364 | D:4      | Paralysed by Grinder for 5 turns
  3378 | D:4      | Paralysed by Grinder for 4 turns
  3388 | D:4      | Paralysed by Grinder for 7 turns
  3399 | D:4      | Killed Grinder
  3399 | D:4      | Reached XP level 6. HP: 34/34 MP: 4/17
  3726 | D:4      | Got a sparkling marble ring
  3727 | D:4      | Identified the ring of Qobreel {+Fly rC++ Str+3 Dex-3} (You
                  | found it on level 4 of the Dungeon)
  3954 | D:4      | Reached skill level 1 in Evocations
  4346 | D:4      | Noticed Dowan
  4349 | D:4      | Noticed Duvessa
  4394 | D:4      | Killed Duvessa
  4394 | D:4      | Reached skill level 1 in Air Magic
  4394 | D:4      | Reached XP level 7. HP: 25/38 MP: 3/19
  4622 | D:4      | Reached skill level 7 in Spellcasting
  4709 | D:4      | Killed Dowan
  5152 | D:5      | Entered Level 5 of the Dungeon
  5224 | D:5      | Found a runed translucent door.
  5225 | D:5      | Noticed Crazy Yiuf
  5239 | D:5      | Killed Crazy Yiuf
  5731 | D:5      | Noticed Pikel
  5750 | D:5      | Slain by a sky beast

Illustrated notes

Levels and vault maps discovered:
D:1:      erik_arrival_orb_chamber, layout_basic, minmay_misc_feat_roman,
          chequers_serial_rivers_small_a
D:2:      layout_basic
D:3:      layout_rooms, chequers_temple_overflow_statue_of_worship,
          chequers_ecumenical_altar_simple_redux
D:4:      layout_basic, first_ration, uniq_duvessa, uniq_grinder
D:5:      wander_guarded_unrand_ratskin, layout_layer_cave,
          portal_sewer_entry_b, hangedman_decor_diamond_cutter, uniq_pikel,
          uniq_crazy_yiuf_cottage

Skill      XL: |  1  2  3  4  5  6  7 |
---------------+----------------------+-----
Spellcasting   | 5 6 7 |  7.5
Fighting       | 1 |  1.4
Armour         | 1 |  1.0
Conjurations   | 2 3 |  3.5
Dodging        | 3 |  3.0
Poison Magic   | 1 |  1.2
Fire Magic     | 4 |  4.3
Evocations     | 1 |  1.0
Stealth        | 3 |  3.2
Air Magic      | 1 |  1.2
Summonings     | |  1.1
Translocations | |  1.1

Action                   |  1- 3 |  4- 6 |  7- 9 || total
-------------------------+-------+-------+-------++-------
Melee: Spear             |     1 |    42 |       ||    43
       Hand axe          |       |     4 |    20 ||    24
 Cast: Magic Dart        |   110 |   100 |    35 ||   245
       Mephitic Cloud    |       |     9 |     5 ||    14
       Conjure Flame     |       |     7 |     2 ||     9
       Call Imp          |       |     5 |     2 ||     7
       Blink             |       |     1 |       ||     1
 Stab: Confused          |       |     4 |     2 ||     6
  Eat: Chunk             |     4 |     3 |     4 ||    11
       Ration            |       |     1 |       ||     1
Armor: Robe              |     1 |     4 |       ||     5
       Leather armour    |       |       |     4 ||     4
Dodge: Dodged            |    14 |    22 |    14 ||    50
